 Dungeon Crawl Stone Soup version 0.29.0-11-gd7f09526c8 (webtiles) character file.

Game seed: 7868879578604765121

23 Flugkiller the Trooper (level 2, 27/27 HPs)
             Began as a Minotaur Fighter on Sept 6, 2022.
             Was a Follower of Fedhas.
             Quit the game on level 1 of the Dungeon.
             The game lasted 00:00:16 (378 turns).

Flugkiller the Trooper (Minotaur Fighter)            Turns: 378, Time: 00:00:16

Health: 27/27      AC:  9    Str: 20    XL:     2   Next: 72%
Magic:  1/1        EV:  7    Int:  5    God:    Fedhas [*.....]
Gold:   52         SH:  4    Dex:  9    Spells: 1/1 levels left

rFire   . . .      SeeInvis .   (no weapon)
rCold   . . .      Faith    .   c - +0 buckler
rNeg    . . .      Spirit   .   h - +0 chain mail
rPois   .          Reflect  .   (helmet restricted)
rElec   .          Harm     .   (no cloak)
rCorr   .          Rampage  .   (no gloves)
Will    .....                   (no boots)
Stlth   ..........              (no amulet)
HPRegen 0.09/turn               (no ring)
MPRegen 0.07/turn               (no ring)

@: no status effects
A: horns 2, retaliatory headbutt
a: Renounce Religion


You were on level 1 of the Dungeon.
You worshipped Fedhas.
Fedhas was aware of your devotion.
You visited 1 branch of the dungeon, and saw 1 of its levels.

You collected 52 gold pieces.

Inventory:

Hand Weapons
 a - a +0 war axe
Armour
 b - a +0 scale mail
 c - a +0 buckler (worn)
 h - a +0 chain mail (worn)
   (You found it on level 1 of the Dungeon)
Scrolls
 e - a scroll of immolation {unknown}
 f - a scroll of identify {unknown}
 i - a scroll of magic mapping {unknown}
Potions
 d - a potion of might
 g - 2 potions of mutation {unknown}


   Skills:
 + Level 4.0 Fighting
 * Level 3.3 Axes
 + Level 4.0 Armour
 - Level 3.6 Shields


You had one spell level left.
You didn't know any spells.
Your spell library was empty.

Dungeon Overview and Level Annotations

Branches:
Dungeon (1/15)

Altars:
Fedhas


Innate Abilities, Weirdness & Mutations

You have a pair of horns on your head.
You reflexively headbutt those who attack you in melee.


Message History

A bat is nearby!
You slash the bat!
You kill the bat!
No target in view!
You see here a +0 chain mail.
A quokka comes into view.
A quokka is nearby!
A quokka is nearby!
You see here 7 gold pieces.
The quokka bites you but does no damage.
You hit the quokka.
The quokka is almost dead.
The quokka closely misses you. You furiously retaliate!
You headbutt the quokka.
You kill the quokka!
No target in view!
No target in view!
No target in view!
No target in view!
No target in view!
No target in view!
No target in view!
No target in view!
You now have 44 gold pieces (gained 7).
You see here a +0 chain mail.
h - a +0 chain mail You start removing your armour.
You continue taking off your +0 scale mail. x4
You finish taking off your +0 scale mail.
You start putting on your armour.
You continue putting on your +0 chain mail. x5
You finish putting on your +0 chain mail.
Found a ring mail.
You see here a stone.
A hobgoblin comes into view.
The hobgoblin shouts!
A hobgoblin is nearby!
You see here a +0 ring mail.
A hobgoblin is nearby!
The hobgoblin barely misses you.
You closely miss the hobgoblin. You headbutt the hobgoblin.
You kill the hobgoblin!
No target in view!
No target in view!
No target in view!
No target in view!
No target in view!
No target in view!
You now have 52 gold pieces (gained 8).
Found a stone staircase leading down.
An endoplasm comes into view.
The endoplasm quivers.
An endoplasm is nearby!
The endoplasm barely misses you.
You hit the endoplasm.
You headbutt the endoplasm, but do no damage.
The endoplasm is almost dead.
You block the endoplasm's attack.
You slash the endoplasm!
You kill the endoplasm!
No target in view!
No target in view!
No target in view!
No target in view!
Found a faded altar of an unknown god.
i - a scroll labelled RUINEU OBEIRE A quokka comes into view.
You miss the quokka.
You headbutt the quokka, but do no damage.
The quokka bites you but does no damage. x2
You barely miss the quokka. The quokka bites you.
You slash the quokka!
You kill the quokka!
Your Fighting skill increases to level 4!
Your Armour skill increases to level 4!
No target in view!
No target in view!
No target in view!
No target in view!
A giant cockroach comes into view.
A giant cockroach is nearby!
A giant cockroach is nearby!
A rat comes into view.
Found a leather armour.
The giant cockroach waves its antennae.
You closely miss the giant cockroach. The giant cockroach closely misses you.
You furiously retaliate!
You headbutt the giant cockroach!
You kill the giant cockroach!
The rat completely misses you. You furiously retaliate!
You headbutt the rat.
You kill the rat!
No target in view!
No target in view!
No target in view!
You are now empty-handed.
There is a faded altar of an unknown god here.
You cannot tell which god this altar belongs to.
Convert to them anyway?
Fedhas accepts your prayer! Fedhas welcomes you!
The plants of the dungeon cease their hostilities.
Are you sure you want to abandon this character and quit the game? (Confirm with "yes".)

### ##################.##
..................#.#
#################..##########
# ###............#
##.....########.# #..8.8.#
#.# #...@..# #.# #..8.8.###
#.# #........# #.#
####.######.# #.#
#######....# #.# #.#
.........### #.# #.#
########.########.# #.#
#..........# #.# #..#########
#.#


There were no monsters in sight!

Vanquished Creatures
  A dart slug (D:1)
  A ball python (D:1)
  3 endoplasms (D:1)
  A giant cockroach (D:1)
  A goblin (D:1)
  A hobgoblin (D:1)
  4 jackals (D:1)
  2 quokkas (D:1)
  A bat (D:1)
  A kobold (D:1)
  A rat (D:1)
17 creatures vanquished.

Notes
Turn   | Place    | Note
-------+----------+-------------------------------------------
     0 | D:1      | Flugkiller the Minotaur Fighter began the quest for the
                  | Orb.
     0 | D:1      | Reached XP level 1. HP: 19/19 MP: 0/0
   103 | D:1      | Reached XP level 2. HP: 26/27 MP: 1/1
   264 | D:1      | Found a faded altar of an unknown god.
   377 | D:1      | Prayed at the altar of an unknown god.
   377 | D:1      | Became a worshipper of Fedhas Madash
   377 | D:1      | Reached * piety under Fedhas
   378 | D:1      | Quit the game

Illustrated notes

Levels and vault maps discovered:
D:1:      dpeg_arrival_rooms_b, layout_loops_ring,
          chequers_ecumenical_altar_simple

Skill      XL: |  1  2 |
---------------+-------+-----
Axes           | 3 |  3.3
Fighting       | 4 |  4.0
Armour         | 4 |  4.0
Shields        | |  3.6

Action                   || total
-------------------------++-------
Melee: War axe           ||    20
       Headbutt          ||     3
Armor: Scale mail        ||     8
       Chain mail        ||     2
Dodge: Dodged            ||    13
Block: Buckler           ||     4
